 Dungeon Crawl Stone Soup version 0.27.1-33-g824d729ab1 (webtiles) character file.

Game seed: 4009788826010044915

161 Atelerd the Digger (level 5, -1/31 HPs)
             Began as an Octopode Earth Elementalist on Dec 21, 2021.
             Slain by a ball python (3 damage)
             ... on level 3 of the Dungeon.
             The game lasted 00:01:54 (3485 turns).

Atelerd the Digger (Octopode Earth Elementalist)    Turns: 3485, Time: 00:01:55

Health: -1/31      AC:  1    Str:  7    XL:     5   Next: 42%
Magic:  2/9        EV: 10    Int: 18    God:
Gold:   122        SH:  0    Dex: 13    Spells: 9/10 levels left

rFire    . . .     SeeInvis .   a - +0 dagger
rCold    . . .     Faith    .   (no shield)
rNeg     . . .     Spirit   .   (helmet restricted)
rPois    .         Reflect  .   (no amulet)
rElec    .         Harm     .   (no ring)
rCorr    .         Rampage  .   (no ring)
Will     .....                  (no ring)
Stlth    +++.......             (no ring)
HPRegen  0.10/turn              (no ring)
MPRegen  0.11/turn              (no ring)
                                (no ring)
                                (no ring)

@: constricted
A: almost no armour, amphibious, 8 rings, camouflage 1, gelatinous body 1,
(nimble swimmer 1), tentacles
a: no special abilities


You were on level 3 of the Dungeon.
You visited 1 branch of the dungeon, and saw 3 of its levels.

You collected 122 gold pieces.

Inventory:

Hand Weapons
 a - a +0 dagger (weapon)
Missiles
 b - 16 stones
Armour
 i - a +0 buckler
Wands
 k - a wand of flame (15)
Scrolls
 c - a scroll of enchant armour {unknown}
 d - 2 scrolls of fog {unknown}
 e - a scroll of identify {unknown}
 g - a scroll of amnesia {unknown}
 j - a scroll of teleportation {unknown}
Potions
 f - a potion of attraction {unknown}
 h - a potion of brilliance {unknown}


   Skills:
 - Level 2.0 Dodging
 - Level 2.6 Stealth
 - Level 3.0 Spellcasting
 - Level 2.0 Transmutations
 + Level 5.0 Earth Magic


You had 9 spell levels left.
You knew the following spells:

 Your Spells              Type           Power      Damage    Failure   Level
a - Sandblast             Erth           40%        2d10      1%          1

Your spell library contained the following spells:

 Spells                   Type           Power      Damage    Failure   Level
 Passwall                 Tmut/Erth      12%        N/A       6%          2
 Stone Arrow              Conj/Erth      22%        3d8       17%         3
 Petrify                  Tmut/Erth      15%        N/A       36%         4


Dungeon Overview and Level Annotations

Branches:
Dungeon (3/15)

Altars:
Qazlal
Trog


Innate Abilities, Weirdness & Mutations

You cannot wear most types of armour.
You are amphibious.
You can wear up to eight rings at the same time.
Your skin changes colour to match your surroundings (Stealth+).
Your rubbery body absorbs attacks. (AC +1, EV +1)
((You are camouflaged near water. (Stealth+)))
You have tentacles for arms and can constrict up to eight enemies at once.


Message History

You kill the orc wizard!
The orc shouts!
The ball python bites you.
* * * LOW HITPOINT WARNING * * *
The ball python closely misses you.
Your Earth Magic skill increases to level 5!
Casting: Sandblast (safe; 1% risk of failure)
Confirm with . or Enter, or press ? or * to list all spells.
Aiming: Sandblast (safe; 1% risk of failure)
Press: ? - help, Shift-Dir - straight line, f - orc priest
Aim: an orc priest, wielding a +0 short sword of holy wrath and carrying a wand of acid (7) (81% to hit)
The blast of sand misses the orc priest.
The ball python closely misses you. The ball python grabs you.
The ball python constricts you.
* * * LOW HITPOINT WARNING * * *
The orc priest zaps a wand.
The bolt of acid misses you.
Casting: Sandblast (safe; 1% risk of failure)
Confirm with . or Enter, or press ? or * to list all spells.
Aiming: Sandblast (safe; 1% risk of failure)
Press: ? - help, Shift-Dir - straight line, f/p - orc priest
Aim: an orc priest, wielding a +0 short sword of holy wrath and carrying a wand of acid (6) (81% to hit)
The blast of sand hits the orc priest.
The orc priest is moderately wounded.
The ball python bites you.
* * * LOW HITPOINT WARNING * * *
The ball python constricts you.
* * * LOW HITPOINT WARNING * * *
The quokka barely misses you. The ball python misses you.
The ball python constricts you.
* * * LOW HITPOINT WARNING * * *
Unknown command.
Casting: Sandblast (safe; 1% risk of failure)
Confirm with . or Enter, or press ? or * to list all spells.
Aiming: Sandblast (safe; 1% risk of failure)
Press: ? - help, Shift-Dir - straight line, f/p - orc priest
Aim: an orc priest, wielding a +0 short sword of holy wrath and carrying a wand of acid (6) (moderately wounded, 81% to hit)
The blast of sand hits the orc priest!
The orc priest is almost dead.
The quokka barely misses you. The ball python bites you.
You die...

#...# #####...#
........# ........##
.........# .......#
...o..)..# .......
.....o.Sr# ###........
...o..)@.###...........
#####.....†..!..... ..#
#.......####.## #.#
#.......##.....##.##
#....#..#.......#...
#....#..#.......#.##
#....#......_.....#
#....#..#.......#.#
####.#..#.......#.##


You could see an orc priest, 2 orcs, a quokka and a ball python.

Vanquished Creatures
  Jessica (D:2)
  An orc wizard (D:3)
  A hound skeleton (D:2)
  2 adders (D:2)
  4 worms
  4 dart slugs
  4 orcs (D:3)
  3 bats (D:1)
  7 endoplasms
  A giant cockroach (D:2)
  5 goblins
  3 hobgoblins (D:1)
  3 quokkas
  3 ball pythons
  4 frilled lizards
  5 kobolds
  7 rats
58 creatures vanquished.

Notes
Turn   | Place    | Note
-------+----------+-------------------------------------------
     0 | D:1      | Atelerd the Octopode Earth Elementalist began the quest for
                  | the Orb.
     0 | D:1      | Reached XP level 1. HP: 11/11 MP: 3/3
   391 | D:1      | Reached XP level 2. HP: 17/17 MP: 5/5
  1114 | D:1      | Reached XP level 3. HP: 20/21 MP: 6/6
  1536 | D:2      | Noticed Jessica
  1545 | D:2      | Killed Jessica
  1546 | D:2      | Reached XP level 4. HP: 15/27 MP: 6/8
  1913 | D:2      | Reached skill level 4 in Earth Magic
  1960 | D:2      | Found a bloodstained altar of Trog.
  2094 | D:2      | Found a faded altar of an unknown god.
  2952 | D:3      | Reached XP level 5. HP: 16/31 MP: 5/9
  3446 | D:3      | Found a stormy altar of Qazlal.
  3483 | D:3      | Reached skill level 5 in Earth Magic
  3485 | D:3      | Slain by a ball python

Illustrated notes

Levels and vault maps discovered:
D:1:      lightli_arrival_chessboard, layout_basic,
          corexii_item_surrounded_by_moat
D:2:      layout_basic, basic_altar, shapermc_ecumenical_altar_totnotflames,
          uniq_jessica
D:3:      layout_basic, old_standard_altar

Skill      XL: |  1  2  3  4  5 |
---------------+----------------+-----
Transmutations | 2 |  2.0
Earth Magic    | 4 5 |  5.0
Spellcasting   | 3 |  3.0
Dodging        | |  2.0
Stealth        | |  2.6

Action                   |  1- 3 |  4- 6 || total
-------------------------+-------+-------++-------
Melee: Dagger            |    29 |    30 ||    59
       Unarmed           |     1 |       ||     1
       Constrict         |    10 |     8 ||    18
       Tentacles         |     4 |     7 ||    11
 Cast: Sandblast         |    22 |    41 ||    63
 Stab: Sleeping          |     5 |     4 ||     9
Armor: Skin              |     4 |     3 ||     7
Dodge: Dodged            |    22 |    35 ||    57
